 Dungeon Crawl Stone Soup version 0.29-a0-106-g0a07039d5a (webtiles) character file.

Game seed: 2083480510590502243

12833 kae the Grappler (level 11, -1/112 HPs)
             Began as a Pale Draconian Transmuter on Feb 16, 2022.
             Was a Follower of Ru.
             Slain by a spatial maelstrom (4 damage)
             ... on level 1 of the Abyss.
             The game lasted 00:08:17 (12372 turns).

kae the Grappler (Pale Draconian Transmuter)       Turns: 12372, Time: 00:08:17

Health: -1/112     AC:  8    Str: 14    XL:     11   Next: 67%
Magic:  25/28      EV: 15    Int: 15    God:    Ru [*.....]
Gold:   1604       SH:  5    Dex: 13    Spells: 6/21 levels left

rFire   x . .      SeeInvis .     - Unarmed
rCold   + + +      Faith    .   (shield currently unavailable)
rNeg    . . .      Spirit   .   (armour unavailable)
rPois   +          Reflect  +   (helmet currently unavailable)
rElec   .          Harm     .   (cloak currently unavailable)
rCorr   .          Rampage  .   (gloves currently unavailable)
Will    .....                   (boots currently unavailable)
Stlth   +.........              t - amulet of reflection
HPRegen 0.28/turn               n - +4 ring of evasion
MPRegen 0.21/turn               l - ring of magical power

@: about to teleport, ice-form, unable to drink
A: freezing attack, amphibious, boosted hp, (breathe steam), AC +7, large,
unfitting armour, (cold-blooded), inability to drink while threatened, (steam
resistance)
a: End Transformation, Renounce Religion


You were on level 1 of the Abyss.
You worshipped Ru.
Ru was aware of your devotion.
You were a creature of crystalline ice.
You visited 2 branches of the dungeon, and saw 11 of its levels.
You visited the Abyss 1 time.

You collected 1625 gold pieces.
You spent 21 gold pieces at shops.

Inventory:

Missiles
 e - 3 throwing nets
Armour
 d - a +0 pair of gloves (melded)
 p - a +2 cloak (melded)
Jewellery
 l - a ring of magical power (right front paw)
 n - a +4 ring of evasion (left front paw)
 s - the ring "Cacvou" {rElec rN+++ MP+9 Int-4 Dex-3}
   (You found it on level 4 of the Dungeon)

   [ring of magical power]

   Int:       It affects your intelligence (-4).
   Dex:       It affects your dexterity (-3).
   rElec:     It insulates you from electricity.
   rN:        It renders you almost immune to negative energy.
   MP:        It affects your magic capacity (+9).
 t - an amulet of reflection (around neck)
 x - an amulet of guardian spirit
 D - a ring of fire
Wands
 o - a wand of flame (32)
 y - a wand of iceblast (29)
 C - a wand of charming (17)
 E - a wand of mindburst (16)
Scrolls
 b - 2 scrolls of teleportation
 g - 2 scrolls of brand weapon
 h - 3 scrolls of amnesia
 w - a scroll of vulnerability
 A - a scroll of enchant armour
 F - 3 scrolls of magic mapping
Potions
 a - 3 potions of curing
 c - 3 potions of mutation
 f - 3 potions of degeneration
 i - a potion of magic
 j - a potion of cancellation
 k - a potion of haste
 m - a potion of berserk rage
 q - 2 potions of heal wounds
 r - a potion of ambrosia
 u - 4 potions of brilliance
 v - a potion of flight
 z - 3 potions of attraction
 G - a potion of might
 H - a potion of resistance {unknown}


   Skills:
 + Level 8.1 Fighting
 + Level 5.4 Dodging
 * Level 10.7 Unarmed Combat
 + Level 5.5 Spellcasting
 * Level 10.6 Transmutations
 - Level 5.0 Ice Magic
 * Level 4.0 Air Magic
 - Level 2.0 Poison Magic


You had 6 spell levels left.
You knew the following spells:

 Your Spells              Type           Power      Damage    Failure   Level
a - Beastly Appendage     Tmut           70%        N/A       1%          1
b - Spider Form           Tmut/Pois      23%        N/A       3%          3
c - Ice Form              Ice/Tmut       27%        N/A       6%          4
d - Storm Form            Tmut/Air       13%        N/A       100%        7

Your spell library contained the following spells:

 Spells                   Type           Power      Damage    Failure   Level
 Wereblood                Tmut           35%        N/A       1%          2
 Passwall                 Tmut/Erth      16%        N/A       2%          2
 Frozen Ramparts          Ice            38%        1d5       6%          3
 Ensorcelled Hibernation  Hex/Ice        22%        N/A       9%          2
 Sandblast                Erth           8%         2d5       16%         1
 Blink                    Tloc           8%         N/A       24%         2
 Dazzling Flash           Conj/Hex       8%         N/A       43%         3
 Stone Arrow              Conj/Erth      8%         3d7       43%         3
 Hailstorm                Conj/Ice       11%        3d5       50%         4
 Summon Ice Beast         Ice/Summ       11%        N/A       50%         4
 Anguish                  Hex/Necr       2%         N/A       83%         4
 Silence                  Hex/Air        5%         N/A       88%         5
 Agony                    Necr           4%         N/A       99%         5
 Fireball                 Conj/Fire      2%         3d4       99%         5
 Manifold Assault         Tloc           4%         N/A       99%         5
 Summon Mana Viper        Hex/Summ       4%         N/A       99%         5
 Simulacrum               Ice/Necr       5%         N/A       100%        6
 Starburst                Conj/Fire      2%         6d3       100%        6
 Monstrous Menagerie      Summ           2%         N/A       100%        7
 Ignition                 Fire           2%         3d3       100%        8


Dungeon Overview and Level Annotations

Branches:
Dungeon (10/15)            Temple (1/1) D:7            Lair (0/6) D:8
    Orc (0/2) D:10

Altars:
Ashenzari
Cheibriados
Dithmenos
Elyvilon
Fedhas
Gozag
Hepliaklqana
Kikubaaqudgha
Makhleb
Nemelex Xobeh
Okawaru
Qazlal
Ru
Sif Muna
Trog
Uskayaw
Vehumet
Wu Jian
Xom
Yredelemnul
Zin
The Shining One

Shops:
D:1 *   D:8 [

Annotations:
D:3 1 runed translucent door, Crazy Yiuf
D:10 Erolcha


Innate Abilities, Weirdness & Mutations

You are a creature of crystalline ice.
You have a powerful freezing melee attack.
You are amphibious.
Your maximum health is increased.
Your armour is entirely melded.
You are incapable of wielding weapons or throwing items.
((You can breathe blasts of scalding, opaque steam.))
((Your pale cyan-grey scales are hard. (AC +7)))
You cannot fit into any form of body armour.
((You are cold-blooded and may be slowed by cold attacks.))
You sometimes lose the ability to drink potions when taking damage.
((You are immune to the effects of steam.))


Message History

That felt strangely unrewarding.
No target in view!
No target in view!
No target in view!
You start resting.
A spatial maelstrom comes into view.
A spatial vortex comes into view. x2
The spatial vortex moves out of view. 2 spatial vortices come into view.
A spatial vortex comes into view. x2
A spatial vortex comes into view.
A spatial vortex comes into view.
You block the spatial maelstrom's attack. x2
A spatial vortex comes into view.
Casting: Ice Form (dangerous; 6% risk of failure)
Confirm with . or Enter, or press ? or * to list all spells.
You turn into a creature of crystalline ice.
Your +2 cloak melds into your body.
Your +0 pair of gloves melds into your body.
The spatial maelstrom misses you.
The spatial maelstrom barely misses you.
The spatial maelstrom hits you!
You blink. 2 spatial vortices come into view.
The spatial vortex hits you!! Space warps horribly around you!
You feel threatened and lose the ability to drink potions!
As you read the scroll of teleportation, it crumbles to dust.
You feel strangely unstable.
You feel the power of the Abyss delaying your translocation!
A spatial vortex comes into view. x2 2 spatial vortices come into view.
The spatial vortex hits you!! Space warps horribly around you!
* * * LOW HITPOINT WARNING * * *
A spatial vortex comes into view.
The spatial maelstrom hits you!
* * * LOW HITPOINT WARNING * * *
The spatial maelstrom hits you but does no damage.
A spatial vortex comes into view.
The spatial maelstrom hits you!
* * * LOW HITPOINT WARNING * * *
Space warps around you.
You die...

## # ≈≈ ≈≈ ...≈≈≈≈
..#≈≈ ≈ . . ####..♣
≈≈≈≈≈≈... .
###v#...# #≈≈ .. ..
#.#.Y#. . #.≈≈ ≈
.... #...v##.#.v
..≈≈ ... #....#...#
.≈.#
#.v#.#..v###....#♣
≈ #...vvv#.........
### #...####v..
v..## ≈≈# #.#.
#.... .##.. .
.....v. #.......#
...
##..#..###.###.....
∩


You could see a spatial maelstrom and 4 spatial vortices.

Vanquished Creatures
  Harold (D:7)
  A two-headed ogre (D:8)
  Nergalle (D:10)
  The ghost of bmj180 the Chiller, a novice MfIE (D:6)
  A manticore (D:9)
  Joseph (D:10)
  Maggie (D:6)
  A komodo dragon (D:8)
  A silent spectre (Abyss:1)
  Sigmund (D:4)
  A yak (D:8)
  2 wraiths
  2 steam dragons (D:8)
  6 vampire mosquitoes (D:10)
  A water moccasin (D:9)
  3 orc warriors
  2 sky beasts (D:5)
  3 necrophages (D:5)
  2 black bears
  4 ogres
  4 centaurs
  A phantom (D:4)
  Blork the orc (D:5)
  A kobold brigand (D:9)
  2 bullfrogs
  2 gnoll sergeants
  3 scorpions
  4 howler monkeys
  6 wights
  3 centaur zombies
  6 orc priests
  A hound (D:5)
  2 centaur skeletons (D:7)
  A gnoll shaman (D:9)
  3 jellies
  Jessica (D:2)
  2 iguanas (D:5)
  8 orc wizards
  Robin (D:3)
  A hound skeleton (D:4)
  8 adders
  20 gnolls
  3 howler monkey skeletons
  2 ufetubi (D:5)
  2 worms (D:3)
  21 orcs
  3 endoplasms
  8 giant cockroaches
  14 goblins
  8 hobgoblins
  2 jackals (D:3)
  14 kobolds
  2 quokkas
  8 ball pythons
  2 bats
  4 frilled lizards
  4 rats
214 creatures vanquished.

Vanquished Creatures (others)
  A hound (D:5)
  An iguana (D:5)
  An orc wizard (D:5)
  6 fungi (D:8)
  3 plants (D:8)
12 creatures vanquished.

Grand Total: 226 creatures vanquished

Notes
Turn   | Place    | Note
-------+----------+-------------------------------------------
     0 | D:1      | kae the Draconian Transmuter began the quest for the Orb.
     0 | D:1      | Reached XP level 1. HP: 16/16 MP: 3/3
   307 | D:1      | Found Memn's Assorted Antiques.
   331 | D:1      | Reached XP level 2. HP: 22/23 MP: 5/5
   344 | D:1      | Bought a pink potion for 21 gold pieces
   804 | D:2      | Reached XP level 3. HP: 12/28 MP: 6/6
   965 | D:2      | Learned a level 3 spell: Spider Form
  1095 | D:2      | Noticed Jessica
  1439 | D:2      | Found a faded altar of an unknown god.
  1447 | D:2      | Killed Jessica
  1448 | D:2      | Reached skill level 1 in Poison Magic
  1448 | D:2      | Reached XP level 4. HP: 25/36 MP: 5/7
  2514 | D:3      | Reached XP level 5. HP: 41/41 MP: 4/8
  2553 | D:3      | Learned a level 4 spell: Ice Form
  2961 | D:3      | Noticed Robin
  2982 | D:3      | Killed Robin
  3478 | D:3      | Found a runed translucent door.
  3479 | D:3      | Noticed Crazy Yiuf
  3677 | D:3      | Identified a scroll of acquirement
  3677 | D:3      | Acquired 1010 gold pieces
  3861 | D:4      | Reached skill level 1 in Ice Magic
  3993 | D:4      | Noticed a phantom
  3993 | D:4      | Noticed an ogre
  4015 | D:4      | Reached XP level 6. HP: 23/50 MP: 1/9
  4559 | D:4      | Noticed Sigmund
  4564 | D:4      | Found a radiant altar of Vehumet.
  4571 | D:4      | Killed Sigmund
  4572 | D:4      | Your scales start taking on a pale cyan-grey colour.
  4572 | D:4      | Reached XP level 7. HP: 21/57 MP: 3/11
  4572 | D:4      | Gained mutation: You are immune to the effects of steam.
                  | [Pale Draconian growth]
  4807 | D:4      | Found a shadowy altar of Dithmenos.
  4889 | D:4      | Identified the ring "Cacvou" {rElec rN+++ MP+9 Int-4 Dex-3}
  5137 | D:5      | Entered Level 5 of the Dungeon
  5190 | D:5      | Found a shimmering altar of Xom.
  5197 | D:5      | Reached skill level 5 in Unarmed Combat
  5218 | D:5      | Reached XP level 8. HP: 56/63 MP: 13/13
  5262 | D:5      | Reached skill level 5 in Transmutations
  5794 | D:5      | Noticed Blork the orc
  6143 | D:5      | You fall into a shaft and drop 1 floor!
  6143 | D:6      | Noticed bmj180's ghost (novice MfIE)
  6143 | D:6      | Noticed Maggie
  6625 | D:5      | Killed Blork the orc
  7146 | D:6      | Reached XP level 9. HP: 72/72 MP: 15/15
  7337 | D:6      | Found a runed translucent door.
  7359 | D:6      | Killed Maggie
  7360 | D:6      | Reached skill level 5 in Ice Magic
  7579 | D:6      | Killed bmj180's ghost
  7733 | D:7      | Noticed Harold
  7744 | D:7      | Reached skill level 5 in Fighting
  8043 | D:7      | Killed Harold
  8485 | D:7      | Reached XP level 10. HP: 81/81 MP: 17/17
  8925 | D:7      | Found a staircase to the Ecumenical Temple.
  8973 | Temple   | Entered the Ecumenical Temple
  9160 | Temple   | Became a worshipper of Ru the Awakened
  9183 | D:7      | Reached skill level 10 in Unarmed Combat
  9183 | D:7      | Reached XP level 11. HP: 92/92 MP: 18/18
  9192 | D:7      | Learned a level 7 spell: Storm Form
  9268 | D:8      | Found Cacekhlunk's Superior Scales.
  9445 | D:8      | Reached skill level 5 in Spellcasting
  9567 | D:8      | Noticed a two-headed ogre
  9572 | D:8      | Reached skill level 10 in Transmutations
  9572 | D:8      | Reached skill level 1 in Air Magic
  9577 | D:8      | Killed a two-headed ogre
  9578 | D:8      | Reached skill level 5 in Dodging
  9601 | D:8      | Found a staircase to the Lair.
  9813 | D:8      | Found a broken altar of Ashenzari.
 10086 | D:8      | Found a sparkling altar of Nemelex Xobeh.
 10677 | D:9      | Gained mutation: You sometimes lose the ability to drink
                  | potions when taking damage. [Ru sacrifice]
 10677 | D:9      | Reached * piety under Ru
 11048 | D:10     | Entered Level 10 of the Dungeon
 11503 | D:10     | Found a white marble altar of Elyvilon.
 11584 | D:10     | Noticed Nergalle
 11595 | D:10     | Killed Nergalle
 12164 | D:10     | Noticed Joseph
 12173 | D:10     | Killed Joseph
 12240 | D:10     | Found a staircase to the Orcish Mines.
 12245 | D:10     | Noticed Erolcha
 12253 | D:10     | Cast into level 1 of the Abyss (Erolcha)
 12361 | Abyss:1  | Noticed a spatial maelstrom
 12372 | Abyss:1  | HP: 3/112 [spatial maelstrom (12)]
 12372 | Abyss:1  | Slain by a spatial maelstrom

Illustrated notes

Levels and vault maps discovered:
D:1:      dpeg_arrival_orchard, layout_rooms, serial_shops, shop_fountains,
          minmay_small_reverse_x
D:2:      layout_rooms, ebering_ecumenical_altar_sacrificial, uniq_jessica
D:3:      layout_basic, uniq_crazy_yiuf_cottage, uniq_robin
D:4:      minmay_chambers_of_threes, layout_rooms,
          mainiacjoe_overflow_two_lobes, eino_small_chamber_without_monster,
          kennysheep_potato, uniq_sigmund
D:5:      layout_basic, xom_confusion_cloud, enter_ossuary_1, uniq_blork_the_orc
D:6:      layout_basic, hellmonk_ghost_happy_afterlife, uniq_maggie
D:7:      nicolae_cairo_tiling, layout_basic, temple_hall, grunt_decor_junction,
          hangedman_glass_teeth, uniq_harold
D:8:      layout_rooms, nemelex_diamond_rough_becter, evilmike_ruin_ashenzari,
          grunt_lair_entry_orc_guard_hut, hellmonk_scale_shop
D:9:      layout_long_grid
D:10:     layout_irregular_city, elyvilon_altar_1, orc_0_dummy, uniq_erolcha,
          uniq_joseph, uniq_nergalle
Temple:   nicolae_temple_elliptical
Abyss:1:  base:
D:7

Skill      XL: |  1  2  3  4  5  6  7  8  9 10 11 |
---------------+----------------------------------+-----
Dodging        | 2 3 4 5 |  5.4
Poison Magic   | 1 2 |  2.0
Fighting       | 2 3 4 5 7 8 |  8.1
Transmutations | 3 4 5 7 9 10 | 10.6
Unarmed Combat | 4 5 6 7 10 | 10.7
Ice Magic      | 1 2 3 4 5 |  5.0
Spellcasting   | 3 4 5 |  5.5
Air Magic      | 4 |  4.0

Action                   |  1- 3 |  4- 6 |  7- 9 | 10-12 || total
-------------------------+-------+-------+-------+-------++-------
Melee: Unarmed           |    90 |   163 |   205 |   201 ||   659
       Tailslap          |     8 |    13 |     7 |     3 ||    31
       Kick              |     8 |    13 |       |       ||    21
       Headbutt          |     5 |     9 |       |       ||    14
       Punch             |     1 |       |     5 |     1 ||     7
 Cast: Beastly Appendage |    18 |    19 |       |       ||    37
       Spider Form       |       |    10 |    11 |       ||    21
       Ice Form          |       |     2 |    15 |    23 ||    40
Invok: Sacrifice Drink   |       |       |       |     1 ||     1
 Abil: Breathe Steam     |       |       |    11 |     4 ||    15
       End Transformatio |       |       |     1 |       ||     1
  Use: Scroll            |       |    12 |    12 |     5 ||    29
       Potion            |       |     1 |       |     1 ||     2
 Stab: Sleeping          |     1 |       |       |       ||     1
Armor: Skin              |    33 |    46 |    39 |    36 ||   154
Dodge: Dodged            |    78 |   121 |   139 |   154 ||   492
Block: Other             |       |       |    31 |    61 ||    92
       Reflection        |       |       |       |     3 ||     3

Table legend: (Time is in decaauts)
 A = Elapsed time spent in this place.
 B = Non-inter-level travel time spent in this place.
 C = Inter-level travel time spent in this place.
 D = Time resting spent in this place.
 E = Time spent auto-exploring this place.
 F = Levels seen in this place.
 G = Mean time per level.
                   A        B        C        D        E       F      G
               +--------+--------+--------+--------+--------+-----+--------+
         Total |  12307 |  11691 |    616 |   1908 |   8006 |  12 | 1025.6 |
       Dungeon |  11984 |  11418 |    566 |   1847 |   7864 |  10 | 1198.4 |
        Temple |    207 |    158 |     49 |      0 |    142 |   1 |  207.0 |
         Abyss |    116 |    116 |      0 |     61 |      0 |   1 |  116.0 |
               +--------+--------+--------+--------+--------+-----+--------+

Top non-repeatable levels by time:
     D:6: 1450 daAuts
     D:4: 1416 daAuts
     D:3: 1383 daAuts
     D:2: 1347 daAuts
     D:5: 1268 daAuts
    D:10: 1192 daAuts
     D:7: 1168 daAuts
     D:1: 974 daAuts
     D:9: 949 daAuts
     D:8: 833 daAuts
  Temple: 207 daAuts
 Abyss:1: 116 daAuts
